 Dungeon Crawl Stone Soup version 0.24-a0-134-gd0b080c8eb (webtiles) character file.

Game seed: 5024880933450426653

91 Morbidden the Sneak (level 4, 0/26 HPs)
             Began as a Deep Elf Assassin on Feb 28, 2019.
             Succumbed to a kobold's poison
             ... on level 2 of the Dungeon.
             The game lasted 00:06:30 (1972 turns).

Morbidden the Sneak (Deep Elf Assassin)             Turns: 1972, Time: 00:06:30

Health: 0/26       AC:  3    Str: 13    XL:     4   Next: 34%
Magic:  5/5        EV: 30    Int: 17    God:
Gold:   89         SH:  0    Dex: 16    Spells: 3/3 levels left

rFire    . . .     SeeInvis .   a - +2 dagger
rCold    . . .     Gourm    .   (no shield)
rNeg     . . .     Faith    .   c - +0 robe
rPois    .         Spirit   .   (no helmet)
rElec    .         Reflect  .   d - +0 cloak
rCorr    .         Harm     .   (no gloves)
MR       .....                  (no boots)
Stlth    +++.......             r - amulet of the acrobat
HPRegen  0.08/turn              (no ring)
MPRegen  0.09/turn              (no ring)

@: mighty, lethally poisoned (0 -> -10), acrobat
A: talons 1, repulsion field 1, low mp 1, wild magic 1
a: no special abilities


You were on level 2 of the Dungeon.
You were not hungry.

You visited 1 branch of the dungeon, and saw 2 of its levels.

You collected 89 gold pieces.

Inventory:

Hand Weapons
 a - a +2 dagger (weapon)
 b - a +0 blowgun
Missiles
 e - 5 poisoned needles
 f - 2 curare-tipped needles
Armour
 c - a +0 robe (worn)
 d - a +0 cloak (worn)
 s - a scarf of cloud immunity
Jewellery
 r - an amulet of the acrobat (around neck)
Scrolls
 h - a scroll of teleportation {unknown}
 i - a scroll of immolation {unknown}
 j - a scroll of fog {unknown}
 k - a scroll of remove curse {unknown}
 l - 2 scrolls of identify
 o - a scroll of blinking {unknown}
 p - a scroll of magic mapping {unknown}
Potions
 m - a potion of agility
 q - a potion of might
Comestibles
 g - 5 rations


   Skills:
 * Level 2.1 Fighting
 + Level 2.3 Short Blades
 + Level 2.2 Throwing
 * Level 2.4 Dodging
 + Level 6.0 Stealth
 + Level 0.1 Spellcasting


You had 3 spell levels left.
You didn't know any spells.
Your spell library was empty.

Dungeon Overview and Level Annotations

Branches:
Dungeon (2/15)

Altars:


Innate Abilities, Weirdness & Mutations

You have sharp toenails.
You are surrounded by a mild repulsion field. (EV +2)
Your magical capacity is low. (-10% MP)
Your spells are a little harder to cast, but a little more powerful.


Message History

You feel sick. The kobold misses you.
Unknown command.
You puncture the kobold!
You kill the kobold!
* * * LOW HITPOINT WARNING * * *
You feel sick.
* * * LOW HITPOINT WARNING * * *
You feel sick.
Items here: ( ) †† a +1 dagger of venom; 2 stones; a kobold corpse; a hobgoblin corpse Unknown command.
* * * LOW HITPOINT WARNING * * *
You feel sick.
Things that are here:
a +0 short sword; a kobold corpse Unknown command.
* * * LOW HITPOINT WARNING * * *
You feel sick.
Unknown command.
You die...

# ###.....# #.#....# #
#.....# .#.#....# #
#.....# .#.#.#### #
################.#.#.#
####.....#..........#.#.#
..##....>#....(.....#
..#......+......!...#
..#......#..........#
..#......#.....(@...###.#
..#......'............^.#
###..?..÷#(....#)########
# #.#+#...((.....)..#
###)# ##.########.#.#
((..# #.# #.#.# ##### #..
..#.# #### ####.# .#


There were no monsters in sight!

Vanquished Creatures
  3 adders (D:2)
  A worm (D:2)
  4 dart slugs
  A leopard gecko (D:1)
  5 bats
  4 giant cockroaches
  6 goblins
  8 hobgoblins
  2 jackals (D:1)
  6 kobolds
  A ball python (D:2)
  A frilled lizard (D:2)
  9 rats
51 creatures vanquished.

Notes
Turn   | Place    | Note
-------+----------+-------------------------------------------
     0 | D:1      | Morbidden the Deep Elf Assassin began the quest for the
                  | Orb.
     0 | D:1      | Reached XP level 1. HP: 12/12 MP: 3/3
    38 | D:1      | Reached skill level 5 in Stealth
    89 | D:1      | Reached XP level 2. HP: 13/17 MP: 4/4
   883 | D:1      | Reached XP level 3. HP: 14/21 MP: 5/5
  1409 | D:2      | Gained mutation: You are surrounded by a mild repulsion
                  | field. (EV +2) [potion of mutation]
  1409 | D:2      | Gained mutation: You have sharp toenails. [potion of
                  | mutation]
  1409 | D:2      | Gained mutation: You have a pair of small antennae on your
                  | head. [potion of mutation]
  1409 | D:2      | Gained mutation: You are partially covered in rugged brown
                  | scales. (AC +1, +3% HP) [potion of mutation]
  1412 | D:2      | Reached XP level 4. HP: 8/26 MP: 6/6
  1632 | D:2      | Reached skill level 6 in Stealth
  1963 | D:2      | Lost mutation: You have a pair of small antennae on your
                  | head. [potion of mutation]
  1963 | D:2      | Lost mutation: You are partially covered in rugged brown
                  | scales. (AC +1, +3% HP) [potion of mutation]
  1963 | D:2      | Gained mutation: Your magical capacity is low. (-10% MP)
                  | [potion of mutation]
  1963 | D:2      | Gained mutation: Your spells are a little harder to cast,
                  | but a little more powerful. [potion of mutation]
  1971 | D:2      | HP: 1/26 [poisoned by a kobold]
  1972 | D:2      | Succumbed to a kobold's poison

Levels and vault maps discovered:
D:1:      dpeg_arrival_subterranean_lakeside_camping, layout_basic
D:2:      layout_basic, minmay_liquid_box, minmay_misc_feat_ornament

Skill      XL: |  1  2  3  4 |
---------------+-------------+-----
Stealth        | 5 6 |  6.0
Fighting       | 2 |  2.1
Dodging        | 2 |  2.4
Short Blades   | |  2.3
Throwing       | |  2.2
Spellcasting   | |  0.1

Action                   |  1- 3 |  4- 6 || total
-------------------------+-------+-------++-------
Melee: Dagger            |    96 |    38 ||   134
       Kick              |       |     8 ||     8
 Fire: Blowgun           |    18 |       ||    18
  Use: Potion            |     3 |     2 ||     5
       Scroll            |     1 |     1 ||     2
 Stab: Sleeping          |    14 |     3 ||    17
       Distracted        |     1 |       ||     1
  Eat: Chunk             |     2 |     1 ||     3
Armor: Robe              |    13 |     6 ||    19
Dodge: Dodged            |    54 |    34 ||    88

Table legend:
 A = Non-vault XP
 B = Vault XP
 C = Vault XP percentage of total XP
 D = Non-vault monster count
 E = Vault monster count
 F = Vault count percentage of total count
                 A         B        C        D         E       F
            +---------+---------+-------+---------+---------+-------
      Total |     122 |       9 |   6.9 |      45 |       6 |  11.8
            +---------+---------+-------+---------+---------+-------
        D:1 |      34 |       9 |  20.9 |      18 |       6 |  25.0
        D:2 |      88 |       0 |   0.0 |      27 |       0 |   0.0
            +---------+---------+-------+---------+---------+-------
